 Dungeon Crawl Stone Soup version 0.24.0 (webtiles) character file.

Game seed: 16413033118051522540, levelgen mode: deterministic

515 NeededCrab the Chopper (level 7, -5/62 HPs)
             Began as a Hill Orc Monk on July 10, 2020.
             Slain by an ogre
             ... wielding a +0 giant club
              (20 damage)
             ... on level 4 of the Dungeon.
             The game lasted 00:15:53 (5160 turns).

NeededCrab the Chopper (Hill Orc Monk)              Turns: 5160, Time: 00:15:53

Health: -5/62      AC: 10    Str: 16    XL:     7   Next: 20%
Magic:  7/7        EV:  7    Int: 10    God:
Gold:   220        SH:  0    Dex: 13    Spells: 6/6 levels left

rFire    . . .     SeeInvis .   a - +0 hand axe
rCold    . . .     Gourm    .   (no shield)
rNeg     . . .     Faith    .   n - +0 chain mail
rPois    .         Spirit   .   (no helmet)
rElec    .         Reflect  .   c - +0 cloak
rCorr    .         Harm     .   (no gloves)
MR       .....                  (no boots)
Stlth    ..........             (no amulet)
HPRegen  0.20/turn              g - ring of ice
MPRegen  0.10/turn              f - ring of fire

@: no status effects
A: no striking features
a: no special abilities


You were on level 4 of the Dungeon.
You were not hungry.

You visited 1 branch of the dungeon, and saw 4 of its levels.

You collected 220 gold pieces.

Inventory:

Hand Weapons
 a - a +0 hand axe (weapon)
Missiles
 e - 7 curare-tipped darts (quivered)
Armour
 c - a +0 cloak (worn)
 n - a +0 chain mail (worn)
Jewellery
 f - a ring of fire (right hand)
 g - a ring of ice (left hand)
 l - a cursed ring of teleportation {unknown}
 o - an uncursed ring of fire
Scrolls
 d - 2 scrolls of remove curse {unknown}
 i - a scroll of magic mapping {unknown}
 k - 2 scrolls of enchant armour {unknown}
 m - 3 scrolls of teleportation {unknown}
 s - a scroll of immolation {unknown}
Potions
 b - a potion of invisibility {unknown}
 h - a potion of lignification {unknown}
 j - a potion of resistance {unknown}
 r - a potion of heal wounds {unknown}
Comestibles
 p - 4 chunks of flesh
 q - a ration


   Skills:
 + Level 5.6 Fighting
 * Level 7.9 Axes
 + Level 3.6 Armour
 - Level 2.5 Dodging
 - Level 1.5 Stealth


You had 6 spell levels left.
You didn't know any spells.
Your spell library was empty.

Dungeon Overview and Level Annotations

Branches:
Dungeon (4/15)
 Temple: D:4-7

Altars:
Gozag
Kikubaaqudgha
Sif Muna
Uskayaw


Message History

The ogre is heavily wounded.
The ogre hits you with a +0 giant club!
You hit the ogre.
The ogre is heavily wounded.
You hit the ogre.
The ogre is heavily wounded.
The ogre closely misses you.
You hit the ogre.
The ogre is severely wounded.
The ogre barely misses you.
You barely miss the ogre.
The ogre is severely wounded.
The ogre hits you with a +0 giant club!
* * * LOW HITPOINT WARNING * * *
You hit the ogre but do no damage.
The ogre is severely wounded.
You barely miss the ogre.
The ogre is severely wounded.
The ogre hits you with a +0 giant club!!
You die...

............รท.#.##.....
..............#.##.#..#
.####^..#.............#
#...#.##.#.###....#
#...#.##........#.#
#...#.####.###.....
#...#.# #.# ....#. .
#...#.. ..# #.#... ..
##@#### ### ###### #.#
#O# ###...####.##
............#
.?.....###>.# .#..?#.
#..# .... #. ..... ...
.. #..#.# #. #. #..#.#


You could see an ogre.

Vanquished Creatures
  A phantom (D:3)
  A bullfrog (D:3)
  A hound (D:3)
  An orc wizard (D:4)
  Natasha (thrice) (D:3)
  2 worker ants (D:4)
  9 adders
  An ooze (D:4)
  4 worms
  4 leopard geckos
  4 orcs (D:4)
  3 ball pythons
  4 giant cockroaches
  13 goblins
  4 hobgoblins
  2 jackals (D:2)
  11 kobolds
  A quokka (D:4)
  8 bats
  3 frilled lizards
  10 rats
  A bush (D:3)
  3 plants (D:3)
94 creatures vanquished.

Vanquished Creatures (others)
  A plant (D:3)
1 creature vanquished.

Grand Total: 95 creatures vanquished

Notes
Turn   | Place    | Note
-------+----------+-------------------------------------------
     0 | D:1      | NeededCrab the Hill Orc Monk began the quest for the Orb.
     0 | D:1      | Reached XP level 1. HP: 19/19 MP: 1/1
   148 | D:1      | Reached XP level 2. HP: 27/27 MP: 2/2
   436 | D:1      | Reached XP level 3. HP: 29/33 MP: 3/3
   438 | D:1      | Reached skill level 1 in Armour
   942 | D:2      | Reached skill level 5 in Axes
  1642 | D:2      | Reached XP level 4. HP: 24/40 MP: 4/4
  2401 | D:2      | Found an opulent altar of Gozag.
  2401 | D:2      | Found a hide-covered altar of Uskayaw.
  2498 | D:2      | Found a shimmering blue altar of Sif Muna.
  2650 | D:3      | Reached XP level 5. HP: 40/47 MP: 5/5
  2669 | D:3      | Found an ancient bone altar of Kikubaaqudgha.
  2817 | D:3      | Reached skill level 6 in Axes
  2834 | D:3      | HP: 2/47 [poisoned by kobold (curare-tipped dart)]
  3199 | D:3      | Noticed Natasha
  3218 | D:3      | Killed Natasha
  3585 | D:3      | Noticed Natasha
  3598 | D:3      | Killed Natasha
  3690 | D:3      | Reached skill level 5 in Fighting
  3690 | D:3      | Reached XP level 6. HP: 39/56 MP: 6/6
  3893 | D:3      | Reached skill level 7 in Axes
  4561 | D:4      | Noticed a phantom
  4604 | D:3      | Killed a phantom
  4652 | D:3      | Noticed Natasha
  4707 | D:3      | Killed Natasha
  4796 | D:4      | Reached XP level 7. HP: 42/61 MP: 7/7
  5160 | D:4      | Slain by an ogre

Levels and vault maps discovered:
D:1:      onia_arrival_pyramid, layout_basic, minmay_misc_feat_doors
D:2:      layout_basic, lemuel_blue_sif_altar,
          gammafunk_temple_overflow_elements, kennysheep_crisscross
D:3:      layout_loops_corners, marbit_many_paths, kennysheep_nondescript,
          lexackson_kobold_supper, uniq_natasha
D:4:      layout_loops_cross
